Map: Frost LE

Players

aaaaaaaaab

  • Race: Zerg Zerg
  • League: Diamond

FLORENCIO - Winner!

  • Race: Protoss Protoss
  • League: Diamond

VOD

Have the link to the VOD?

Description

Time

  • Played on: July 10, 2016, 5:16 p.m.
  • Length: 24:12
Show
View Real Time Build Order
Export as new Build Order

aaaaaaaaab Zerg 

Build Orders: Hatch First 

Get SALT Encoding   

  12  0:00  Drone  
  13  0:13  Overlord  
  13  0:19  Drone  
  14  0:31  Drone x2  
  14  0:35  Drone  
  17  0:54  Hatchery  
  16  1:00  Drone x2  
  18  1:09  Drone  
  19  1:17  Spawning Pool  
  18  1:20  Drone  
  19  1:28  Drone  
  20  1:51  Drone x2, Hatchery  
  21  2:00  Overlord  
  21  2:05  Queen  
  23  2:12  Queen  
  25  2:15  Drone  
  25  2:18  Extractor  
  25  2:19  Drone  
  26  2:23  Drone  
  26  2:26  Drone  
  28  2:37  Drone x2  
  30  2:44  Drone  
  30  2:45  Queen  
  30  2:50  Queen  
  35  2:55  Drone  
  36  3:02  Overlord  
  36  3:04  Queen  
  38  3:08  Drone  
  38  3:10  Drone  
  40  3:16  Drone x2  
  42  3:24  Spore Crawler  
  41  3:27  Spore Crawler  
  41  3:29  Pneumatized Carapace  
  41  3:34  Overlord  
  40  3:42  Drone x3  
  40  3:43  Drone x3  
  40  3:44  Drone  
  47  3:57  Drone x3  
  47  3:58  Drone x4  
  47  4:00  Drone  
  55  4:03  Overlord  
  55  4:11  Roach Warren  
  55  4:13  Spore Crawler  
  55  4:17  Extractor  
  52  4:18  Extractor  
  52  4:19  Evolution Chamber x2  
  49  4:26  Drone x2  
  49  4:28  Drone x3  
  54  4:32  Drone  
  54  4:34  Drone x4  
  54  4:35  Drone  
  60  4:56  Lair  
  60  4:59  Zerg Missile Weapons Level 1  
  60  5:04  Spore Crawler x2  
  58  5:07  Spore Crawler  
  58  5:11  Spore Crawler  
  58  5:12  Drone  
  58  5:13  Drone x2, Spore Crawler  
  58  5:14  Extractor, Overlord x4  
  58  5:21  Zerg Ground Armor Level 1  
  57  5:29  Spore Crawler x2  
  57  5:34  Drone  
  57  5:35  Drone x7  
  62  5:36  Drone x4  
  56  5:58  Glial Reconstitution  
  56  6:01  Drone x3, Hydralisk Den  
  56  6:03  Drone x2  
  60  6:17  Drone x4  
  60  6:18  Drone x5  
  69  6:30  Roach  
  69  6:31  Roach x8  
  87  6:36  Muscular Augments  
  87  6:37  Hydralisk  
  89  6:41  Overlord  
  89  6:42  Overlord  
  89  6:47  Extractor  
  83  7:01  Spore Crawler  
  83  7:02  Zerg Missile Weapons Level 2  
  82  7:11  Drone x2, Spore Crawler  
  82  7:12  Drone x2  
  82  7:13  Drone x3  
  82  7:14  Drone x2  
  90  7:16  Zerg Ground Armor Level 2  
  90  7:17  Hydralisk  
  90  7:18  Hydralisk  
  87  7:28  Hydralisk x3  
  93  7:30  Hydralisk  
  88  7:43  Hydralisk x3  
  94  7:53  Hydralisk x2  
  94  7:56  Overlord x2  
  90  8:18  Drone  
  90  8:19  Drone x5  
  94  8:20  Hydralisk x3  
  100  8:32  Drone  
  100  8:33  Drone x2  
  103  8:36  Spore Crawler  
  102  8:42  Spore Crawler  
  102  8:43  Drone  
  102  8:44  Drone x4  
  104  9:24  Hydralisk  
  104  9:27  Overlord x4  
  104  9:28  Overlord  
  106  9:47  Extractor  
  105  9:55  Infestation Pit  
  104  10:02  Hydralisk x4  
  104  10:03  Roach x3  
  104  10:04  Roach x7  
  128  10:11  Drone x3  
  128  10:13  Drone  
  130  10:15  Hatchery  
  125  10:23  Drone x4  
  129  10:29  Drone x2  
  127  10:58  Roach x9  
  127  11:03  Drone  
  146  11:04  Overlord  
  145  11:17  Drone  
  146  11:38  Overlord x5  
  146  11:39  Hive  
  140  12:07  Roach  
  140  12:08  Roach x6  
  150  12:09  Roach x2  
  150  12:12  Ravager x4  
  150  12:14  Ravager  
  150  12:15  Ravager  
  162  12:16  Ravager  
  162  12:17  Ravager  
  162  12:18  Ravager  
  162  12:19  Ravager  
  162  12:20  Ravager  
  162  12:21  Ravager  
  164  12:46  Roach x3  
  164  12:47  Roach x2  
  164  12:50  Overseer  
  174  13:00  Drone x3  
  177  13:09  Ravager x5  
  177  13:10  Ravager  
  177  13:11  Ravager  
  184  13:12  Ravager  
  184  13:15  Ravager  
  184  13:16  Ravager  
  151  13:44  Hydralisk  
  151  13:45  Hydralisk x3  
  149  14:17  Hydralisk  
  149  14:18  Hydralisk x3  
  110  15:00  Hydralisk  
  110  15:01  Hydralisk x8  
  124  15:13  Nydus Network  
  75  15:29  Hydralisk x4  
  72  15:42  Hydralisk x3  
  76  16:03  Hydralisk x4  
  84  16:08  Infestor  
  84  16:09  Infestor  
  88  16:13  Infestor  
  88  16:17  Infestor  
  92  16:42  Hydralisk x4  
  92  16:43  Hydralisk x2  
  94  17:00  Hydralisk  
  94  17:01  Hydralisk x4  
  89  17:25  Hydralisk  
  89  17:26  Hydralisk x4  
  99  17:37  Nydus Canal  
  95  18:13  Hydralisk x3  
  95  18:14  Hydralisk x4  
  88  18:42  Hydralisk x6  
  62  19:02  Hydralisk x3  
  54  19:33  Queen  
  56  20:02  Nydus Canal  
  56  20:33  Hatchery  
  55  20:42  Hydralisk  
  55  20:43  Hydralisk x4  
  59  21:26  Hydralisk x6  
  59  21:27  Hydralisk x2  
  75  21:34  Infestor  
  77  21:53  Roach x3  
  75  22:09  Hydralisk  
  76  22:23  Hydralisk  
  60  23:18  Hydralisk x2  
Show
View Real Time Build Order
Export as new Build Order

FLORENCIO Protoss - Winner!

Build Orders: 1 Gate Expand 

Get SALT Encoding   

  12  0:04  Probe (Chrono Boost)  
  13  0:14  Probe (Chrono Boost)  
  14  0:25  Probe (Chrono Boost)  
  15  0:29  Pylon  
  15  0:47  Gateway  
  15  0:48  Probe (Chrono Boost)  
  16  0:58  Probe (Chrono Boost)  
  17  1:09  Probe (Chrono Boost)  
  18  1:19  Probe (Chrono Boost)  
  18  1:24  Assimilator  
  19  1:27  Assimilator  
  19  1:30  Probe (Chrono Boost)  
  20  1:38  Nexus  
  20  1:40  Probe (Chrono Boost)  
  21  1:51  Probe (Chrono Boost)  
  22  1:57  Cybernetics Core  
  22  2:02  Pylon  
  22  2:05  Probe (Chrono Boost)  
  23  2:16  Pylon  
  23  2:20  Probe (Chrono Boost)  
  24  2:30  Probe (Chrono Boost)  
  24  2:34  Stalker  
  27  2:41  Mothership Core (Chrono Boost)  
  29  2:49  Stargate  
  29  2:50  Probe (Chrono Boost)  
  30  2:55  Assimilator  
  30  3:02  Assimilator, Probe x2 (Chrono Boost)  
  32  3:18  Probe x2 (Chrono Boost)  
  34  3:23  Stargate  
  34  3:42  Stargate  
  34  3:44  Probe (Chrono Boost)  
  35  3:53  Probe (Chrono Boost)  
  35  3:54  Probe (Chrono Boost)  
  37  4:04  Probe (Chrono Boost)  
  37  4:05  Probe (Chrono Boost)  
  37  4:08  Forge  
  37  4:09  Oracle  
  39  4:13  Oracle  
  39  4:15  Probe x2 (Chrono Boost)  
  47  4:25  Probe (Chrono Boost)  
  47  4:26  Probe (Chrono Boost)  
  47  4:27  Oracle  
  52  4:38  Pylon  
  52  4:50  Phoenix  
  54  4:56  Phoenix  
  54  4:58  Photon Cannon  
  54  4:59  Photon Cannon  
  56  5:01  Photon Cannon  
  56  5:08  Phoenix  
  58  5:15  Phoenix, Pylon  
  58  5:21  Phoenix  
  62  5:33  Phoenix, Probe (Chrono Boost)  
  65  5:44  Probe (Chrono Boost)  
  60  5:53  Phoenix x2  
  61  5:58  Phoenix, Pylon  
  61  6:02  Pylon  
  63  6:09  Photon Cannon  
  63  6:18  Phoenix x2  
  65  6:23  Phoenix  
  69  6:34  Photon Cannon  
  69  6:35  Pylon  
  69  6:43  Phoenix x2  
  71  7:01  Phoenix  
  71  7:08  Phoenix, Pylon  
  75  7:12  Pylon  
  75  7:14  Phoenix  
  77  7:15  Pylon  
  75  7:26  Phoenix  
  75  7:39  Phoenix x2  
  75  7:43  Nexus  
  79  7:45  Pylon  
  79  7:54  Phoenix  
  81  8:04  Phoenix x2  
  77  8:23  Phoenix  
  77  8:26  Photon Cannon  
  79  8:29  Phoenix, Photon Cannon  
  79  8:32  Assimilator  
  81  8:38  Assimilator  
  81  8:57  Phoenix  
  81  8:58  Phoenix x2  
  87  9:31  Oracle x3  
  94  9:39  Probe (Chrono Boost)  
  95  9:49  Probe (Chrono Boost)  
  95  9:51  Nexus  
  95  9:52  Pylon  
  96  10:00  Probe (Chrono Boost)  
  95  10:10  Probe (Chrono Boost)  
  92  10:20  Oracle  
  92  10:21  Probe (Chrono Boost), Oracle x2  
  98  10:32  Probe x2 (Chrono Boost)  
  98  10:33  Probe (Chrono Boost)  
  101  10:42  Probe x2 (Chrono Boost), Pylon  
  103  10:43  Probe (Chrono Boost)  
  103  10:45  Pylon  
  104  10:56  Oracle x3  
  107  11:21  Probe (Chrono Boost)  
  107  11:23  Assimilator  
  108  11:25  Assimilator  
  108  11:30  Probe (Chrono Boost)  
  108  11:31  Probe (Chrono Boost)  
  108  11:32  Probe (Chrono Boost), Oracle x3  
  120  11:40  Photon Cannon  
  120  11:41  Probe (Chrono Boost), Photon Cannon  
  120  11:42  Probe x2 (Chrono Boost)  
  120  11:44  Photon Cannon  
  120  11:46  Pylon  
  123  11:51  Probe (Chrono Boost)  
  123  11:53  Probe (Chrono Boost)  
  125  12:07  Oracle  
  125  12:08  Oracle x2, Pylon, Photon Cannon  
  131  12:12  Photon Cannon  
  131  12:14  Photon Cannon  
  137  12:46  Void Ray x3  
  140  12:59  Stargate  
  140  13:02  Stargate  
  140  13:29  Void Ray  
  111  13:52  Void Ray x2  
  119  13:59  Void Ray x2  
  127  14:12  Void Ray  
  131  14:35  Void Ray x2  
  139  14:42  Void Ray x2  
  146  14:54  Void Ray  
  136  15:49  Nexus  
  136  15:51  Pylon  
  136  15:56  Pylon  
  136  15:57  Pylon  
  136  16:01  Pylon  
  136  16:03  Nexus, Pylon  
  136  16:04  Pylon  
  136  16:05  Pylon x2  
  136  16:08  Pylon  
  136  16:09  Void Ray, Pylon  
  136  16:11  Pylon  
  140  16:12  Pylon  
  140  16:14  Void Ray x2, Pylon  
  140  16:15  Void Ray x2  
  140  16:16  Pylon  
  153  16:51  Void Ray  
  153  16:57  Void Ray  
  143  17:07  Void Ray x3  
  155  17:30  Probe (Chrono Boost)  
  155  17:32  Probe (Chrono Boost)  
  161  17:40  Gateway  
  161  17:41  Probe (Chrono Boost)  
  161  17:43  Probe (Chrono Boost)  
  167  17:50  Void Ray  
  176  17:51  Probe (Chrono Boost)  
  176  17:53  Probe (Chrono Boost)  
  177  18:04  Probe (Chrono Boost)  
  174  18:09  Gateway  
  174  18:10  Gateway  
  166  18:13  Gateway  
  166  18:14  Probe (Chrono Boost)  
  166  18:15  Gateway  
  166  18:17  Gateway  
  163  18:21  Gateway  
  163  18:24  Gateway  
  80  19:05  Void Ray  
  80  19:06  Void Ray  
  84  19:15  Probe (Chrono Boost)  
  77  19:17  Assimilator  
  77  19:19  Assimilator  
  77  19:26  Probe (Chrono Boost)  
  78  19:32  Cybernetics Core  
  78  19:35  Zealot x5  
  78  19:36  Zealot  
  78  19:37  Zealot  
  92  19:38  Nexus  
  92  19:41  Pylon  
  92  19:44  Probe (Chrono Boost)  
  93  19:48  Void Ray x2  
  101  19:54  Probe (Chrono Boost)  
  102  20:02  Zealot x2  
  102  20:03  Zealot  
  102  20:04  Zealot  
  108  20:18  Stargate  
  108  20:19  Adept x3  
  114  20:29  Adept x2  
  114  20:30  Adept  
  114  20:31  Adept, Void Ray x2  
  130  20:45  Stalker  
  130  20:46  Adept x2  
  130  20:47  Adept, Pylon  
  138  20:55  Probe (Chrono Boost)  
  138  20:56  Adept x2  
  143  20:58  Adept x2  
  143  21:04  Void Ray  
  151  21:06  Probe (Chrono Boost)  
  152  21:13  Twilight Council, Adept x2  
  152  21:14  Adept, Void Ray x2  
  152  21:15  Stalker  
  168  21:23  Adept x2  
  168  21:25  Adept x2  
  174  21:40  Stalker x2  
  174  21:41  Stalker  
  180  21:50  Stalker  
  178  21:57  Void Ray x2  
  186  22:16  Stalker x2  
  186  22:17  Stalker x3  
  186  22:20  Stalker  
  194  22:46  Stalker x2  
  194  22:47  Stalker x3  
  194  22:50  Stalker  
  180  23:16  Stalker  
Tags
 
Add a new tag
Caveats
  • Supply blocks, unpowered buildings, or Contaminate may cause inaccurate times.
  • Supply counts are checked every 10 seconds.